 Dungeon Crawl Stone Soup version 0.22-a0-455-ga0624bf (webtiles) character file.

88 yohadams the Skirmisher (level 4, -4/37 HPs)
             Began as a Demonspawn Chaos Knight on June 5, 2018.
             Slain by Crazy Yiuf
             ... wielding a +2 quarterstaff of chaos
              (11 damage)
             ... on level 2 of the Dungeon.
             The game lasted 00:11:51 (1814 turns).

yohadams the Skirmisher (Demonspawn Chaos Knight)   Turns: 1814, Time: 00:11:52

Health: -4/37      AC:  5    Str: 13    XL:     4   Next: 30%
Magic:  4/4        EV: 11    Int: 14    God:    Xom [..*...]
Gold:   83         SH:  0    Dex: 12    Spells: 3/3 levels left

rFire    . . .     SeeInvis .   a - +0 spear (chaos)
rCold    . . .     Gourm    .   (no shield)
rNeg     . . .     Faith    .   b - +2 leather armour
rPois    .         Spirit   .   (helmet restricted)
rElec    .         Reflect  .   (no cloak)
rCorr    .         Harm     .   (no gloves)
MR       .....                  (no boots)
Stlth    +.........             (no amulet)
HPRegen  0.12/turn              (no ring)
MPRegen  0.09/turn              (no ring)

@: no status effects
A: antennae 1, demonic guardian 1
a: Renounce Religion


You were on level 2 of the Dungeon.
You worshipped Xom.
You were a toy of Xom.
You were not hungry.

You visited 1 branch of the dungeon, and saw 2 of its levels.

You collected 83 gold pieces.

Inventory:

Hand Weapons
 a - a +0 spear of chaos (weapon)
 d - a +0 hunting sling
 f - a +0 spear
 g - a +0 dagger
 h - a +0 spear
Armour
 b - a +2 leather armour (worn)
 e - a +0 leather armour
 j - a +0 robe


   Skills:
 + Level 3.8 Fighting
 + Level 3.6 Polearms
 + Level 2.3 Armour
 + Level 1.1 Dodging
 + Level 0.2 Stealth


You had 3 spell levels left.
You didn't know any spells.
Your spell library was empty.

Dungeon Overview and Level Annotations

Branches:
Dungeon (2/15)

Altars:
Makhleb

Annotations:
D:2 Crazy Yiuf


Innate Abilities, Weirdness & Mutations

You have a pair of small antennae on your head.
A weak demonic guardian rushes to your aid.


Message History

Crazy Yiuf hits you with a quarterstaff of chaos.
You barely miss Crazy Yiuf.
Crazy Yiuf is moderately wounded.
Crazy Yiuf says, "The present is the child, and the necessary child, of all the past, and the mother of all the future."
Crazy Yiuf hits you with a quarterstaff of chaos.
Crazy Yiuf burns you.
You hit Crazy Yiuf but do no damage.
Crazy Yiuf is moderately wounded.
Crazy Yiuf hits you with a quarterstaff of chaos.
* * * LOW HITPOINT WARNING * * *
You barely miss Crazy Yiuf.
Crazy Yiuf is moderately wounded.
You hit Crazy Yiuf. You freeze Crazy Yiuf.
Crazy Yiuf is heavily wounded.
Crazy Yiuf completely misses you.
You hit Crazy Yiuf. You freeze Crazy Yiuf.
Crazy Yiuf is severely wounded.
Crazy Yiuf says, "No facts are to me sacred; none are profane; I simply experiment, an endless seeker, with no past at my back."
Crazy Yiuf hits you with a quarterstaff of chaos!
You die...

.##.##.# #....#
####...##. .##.##.#
♣....♣ #........#
.##.##.# ♣♣...♣
#.......#. .##.##.#
♣♣.♣♣ ###.......##
.##.##.# ♣♣.♣
#.........##
..#.##.##### ♣.♣♣
###...)..†#
#.#.##.#...# ♣♣.♣
#...†.....#
#.#.##.#.#.# ♣5♣♣
###>...†..#
#.#.##.#<.## #@#
####..)####
#.#.##.#)## #.g.#
#.....## #.#.##..##
#...# ####..######
..#.##.#.## #)..#
#........
#...(.(...# #####
#..######
#.####.###.# #..#
#.####.# ########
#..# .....#.#
#.....# #..#
#....#.#####.###.##
#..######


You could see Crazy Yiuf and a friendly quasit.

Vanquished Creatures
  Jessica (D:2)
  2 worms (D:2)
  2 leopard geckos (D:2)
  2 goblins
  6 hobgoblins
  7 jackals
  5 kobolds
  A ball python (D:2)
  4 bats
  4 frilled lizards (D:2)
  2 rats (D:1)
36 creatures vanquished.

Vanquished Creatures (collateral kills)
  Natasha (D:2)
1 creature vanquished.

Grand Total: 37 creatures vanquished

Notes
Turn   | Place    | Note
-------+----------+-------------------------------------------
     0 | D:1      | yohadams the Demonspawn Chaos Knight began the quest for the Orb.
     0 | D:1      | Reached XP level 1. HP: 18/18 MP: 1/1
    65 | D:1      | Reached skill level 1 in Dodging
   131 | D:1      | XOM: harmless Ice miscast
   646 | D:1      | Gained mutation: A weak demonic guardian rushes to your aid. [demonic ancestry]
   646 | D:1      | Reached XP level 2. HP: 19/24 MP: 2/2
   996 | D:1      | XOM: god gift: 9 gold pieces
  1097 | D:2      | Noticed Jessica
  1103 | D:2      | Killed Jessica
  1103 | D:2      | Reached XP level 3. HP: 14/29 MP: 3/3
  1311 | D:2      | Noticed Natasha
  1321 | D:2      | Killed Natasha
  1360 | D:2      | Gained mutation: You have a pair of small antennae on your head. [demonic ancestry]
  1360 | D:2      | Reached XP level 4. HP: 10/37 MP: 4/4
  1493 | D:2      | XOM: divination: detect items
  1542 | D:2      | XOM: divination: detect creatures
  1590 | D:2      | XOM: harmless Air miscast
  1629 | D:2      | Found a burning altar of Makhleb.
  1802 | D:2      | Found a runed door.
  1806 | D:2      | Noticed Crazy Yiuf
  1814 | D:2      | Slain by Crazy Yiuf

Vault maps used:
D:1:      lightli_arrival_windingriver
D:2:      marbit_many_paths, minivault_4, uniq_crazy_yiuf_cottage, uniq_jessica,
          uniq_natasha

Skill      XL: |  1  2 |
---------------+-------+-----
Dodging        | 1 |  1.1
Polearms       | 3 |  3.6
Armour         | 2 |  2.3
Fighting       | |  3.8
Stealth        | |  0.2

Action                   |  1- 3 |  4- 6 || total
-------------------------+-------+-------++-------
Melee: Spear             |    78 |    48 ||   126
  Use: Scroll            |     2 |     2 ||     4
       Potion            |     1 |     1 ||     2
  Eat: Ration            |     1 |     1 ||     2
Armor: Leather armour    |    26 |    15 ||    41
Dodge: Dodged            |    43 |    20 ||    63

Table legend:
 A = Spawn XP
 B = Non-spawn XP
 C = Spawn XP percentage of total XP
 D = Spawn monster count
 E = Non-spawn monster count
 F = Spawn count percentage of total count
 G = Total turns spent on level
                    A         B        C        D         E        F      G
               +---------+---------+-------+---------+---------+-------+---------
         Total |       0 |     127 |   0.0 |       0 |      37 |   0.0 |  1814
               +---------+---------+-------+---------+---------+-------+---------
           D:1 |       0 |      24 |   0.0 |       0 |      14 |   0.0 |  1005
           D:2 |       0 |     103 |   0.0 |       0 |      23 |   0.0 |   809
               +---------+---------+-------+---------+---------+-------+---------
